 Dungeon Crawl Stone Soup version 0.23-a0-356-g1757c6e (webtiles) character file.

56 BingusPrime the Insei (level 3, -2/23 HPs)
             Began as an Octopode Transmuter on Oct 21, 2018.
             Killed by divine providence
             ... invoked by an orc priest
              (12 damage)
             ... on level 3 of the Dungeon.
             The game lasted 00:07:24 (1449 turns).

BingusPrime the Insei (Octopode Transmuter)         Turns: 1449, Time: 00:07:24

Health: -2/23      AC:  2    Str:  9    XL:     3   Next: 95%
Magic:  1/6        EV: 20    Int: 15    God:
Gold:   81         SH:  0    Dex: 18    Spells: 2/6 levels left

rFire    . . .     SeeInvis .     - Unarmed
rCold    . . .     Gourm    .   (shield currently unavailable)
rNeg     . . .     Faith    .   (helmet currently unavailable)
rPois    x         Spirit   .   (no amulet)
rElec    .         Reflect  .   (no ring)
rCorr    .         Harm     .   (no ring)
MR       .....                  (no ring)
Stlth    ++........             (no ring)
HPRegen  0.07/turn              (no ring)
MPRegen  0.10/turn              (no ring)
                                (no ring)
                                (no ring)

@: spider-form (expiring)
A: tiny, almost no armour, stealthy swim, (amphibious), 8 rings, (constrict 8)
a: End Transformation


You were on level 3 of the Dungeon.
You were very hungry.
You were a venomous arachnid creature.
You visited 1 branch of the dungeon, and saw 3 of its levels.

You collected 81 gold pieces.

Inventory:

Missiles
 a - 12 arrows
Scrolls
 d - a scroll of magic mapping {unknown}
 e - 2 scrolls of identify {unknown}
 f - a scroll of enchant weapon {unknown}
 h - a scroll of teleportation {unknown}
 j - a scroll of remove curse {unknown}
Potions
 b - 2 potions of curing {unknown}
 g - 2 potions of mutation {unknown}
 i - 2 potions of flight {unknown}
Comestibles
 c - 4 rations


   Skills:
 * Level 1.4 Fighting
 + Level 2.0 Dodging
 * Level 0.5 Stealth
 * Level 3.8 Unarmed Combat
 + Level 2.3 Spellcasting
 * Level 2.5 Transmutations
 + Level 0.2 Poison Magic


You had 2 spell levels left.
You knew the following spells:

 Your Spells              Type           Power        Failure   Level  Hunger
a - Beastly Appendage     Tmut           #.....       21%         1    #......
b - Spider Form           Tmut/Pois      #.........   58%         3    ###....

Your spell library contained the following spells:

 Spells                   Type           Power        Failure   Level  Hunger
 Sticks to Snakes         Tmut           #.......     28%         2    ###....
 Ice Form                 Ice/Tmut       #.......     90%         4    #####..
 Blade Hands              Tmut           #.........   98%         5    ######.


Dungeon Overview and Level Annotations

Branches:
Dungeon (3/15)

Altars:
Xom


Innate Abilities, Weirdness & Mutations

You cannot wear most types of armour.
You are very stealthy in the water. (Stealth+)
((You are amphibious.))
You can wear up to eight rings at the same time.
((You can use your tentacles to constrict eight enemies at once.))
((Your skin changes colour to match your surroundings (Stealth+).))
((Your rubbery body absorbs attacks. (AC +1, EV +1)))


Message History

You see here a jackal corpse.
The jackal barks!
The orc shouts!
You hit the jackal but do no damage. The jackal closely misses you.
You closely miss the jackal. The jackal misses you.
You hit the orc priest.
The orc priest is poisoned.
The orc priest is lightly wounded.
The jackal misses you. The orc priest barely misses you. The jackal misses you.
You hit the orc priest.
The orc priest looks as sick as possible!
The orc priest is lightly wounded.
The orc priest mumbles some strange prayers to Beogh against you.
Beogh smites you!
Ouch! That really hurt!
The jackal closely misses you.
You barely miss the orc priest.
The orc priest is lightly wounded.
The orc priest calls down the wrath of Beogh upon you.
Beogh smites you!
Ouch! That really hurt!
You die...

##.######.#..##..##..#
#... ...#.#..)....#..#
#..####.#.#...##..#..#
#....##......##.)##..#
#.##.##..#...#..##..#
#<.†.....#...#......#
####.....#...##..##.#
#..######..####..#
##... #....hs...##
####.#..##o###........
# #h# ####.#### oo #
... ..## ... #...


You could see 2 orc priests, an orc and 2 jackals.

Vanquished Creatures
  2 worms (D:2)
  3 dart slugs
  2 leopard geckos (D:1)
  An orc (D:3)
  2 giant cockroaches (D:2)
  5 goblins (D:1)
  4 hobgoblins
  A jackal (D:3)
  7 bats
  6 frilled lizards
  4 kobolds
  4 rats
41 creatures vanquished.

Notes
Turn   | Place    | Note
-------+----------+-------------------------------------------
     0 | D:1      | BingusPrime the Octopode Transmuter began the quest for the
                  | Orb.
     0 | D:1      | Reached XP level 1. HP: 13/13 MP: 3/3
   219 | D:1      | Reached XP level 2. HP: 18/18 MP: 3/5
   854 | D:2      | Reached XP level 3. HP: 23/23 MP: 4/6
   863 | D:2      | Learned a level 3 spell: Spider Form
  1107 | D:2      | Found a shimmering altar of Xom.
  1449 | D:3      | Killed from afar by an orc priest

Vault maps used:
D:1:      grunt_arrival_crossed_arrows, chequers_serial_rivers_room_a
D:2:      overflow_temple_1_default
D:3:      minmay_close_crescents

Action                   || total
-------------------------++-------
Melee: Unarmed           ||    89
       Constrict         ||    10
       Tentacles         ||     9
       Kick              ||     9
       Punch             ||     3
 Cast: Beastly Appendage ||    14
       Spider Form       ||    10
 Stab: Sleeping          ||     2
  Eat: Chunk             ||     2
Armor: Skin              ||     6
Dodge: Dodged            ||    58

Table legend:
 A = Non-vault XP
 B = Vault XP
 C = Vault XP percentage of total XP
 D = Non-vault monster count
 E = Vault monster count
 F = Vault count percentage of total count
                 A         B        C        D         E       F
            +---------+---------+-------+---------+---------+-------
      Total |      78 |       2 |   2.5 |      40 |       1 |   2.4
            +---------+---------+-------+---------+---------+-------
        D:1 |      33 |       0 |   0.0 |      19 |       0 |   0.0
        D:2 |      37 |       0 |   0.0 |      17 |       0 |   0.0
        D:3 |       8 |       2 |  20.0 |       4 |       1 |  20.0
            +---------+---------+-------+---------+---------+-------
